 Dungeon Crawl Stone Soup version 0.28-a0-533-g9f97627e2a (webtiles) character file.

Game seed: 8981949682899095500

169 siradein the Chucker (level 5, -9/52 HPs)
             Began as a Troll Hunter on Sept 26, 2021.
             Killed by divine providence
             ... invoked by an orc priest
              (12 damage)
             ... on level 4 of the Dungeon.
             The game lasted 00:02:50 (2368 turns).

siradein the Chucker (Troll Hunter)                 Turns: 2368, Time: 00:02:51

Health: -9/52      AC:  4    Str: 20    XL:     5   Next: 25%
Magic:  4/4        EV: 10    Int:  7    God:
Gold:   203        SH:  0    Dex: 11    Spells: 4/4 levels left

rFire   . . .      SeeInvis .   p - +1 short sword (vamp)
rCold   . . .      Faith    .   (no shield)
rNeg    . . .      Spirit   .   b - +0 robe
rPois   .          Reflect  .   (helmet restricted)
rElec   .          Harm     .   (no cloak)
rCorr   .          Rampage  .   (gloves unavailable)
Will    .....                   (boots unavailable)
Stlth   +.........              (no amulet)
HPRegen 1.17/turn               (no ring)
MPRegen 0.09/turn               (no ring)

@: no status effects
A: large, unfitting armour, claws 3, regeneration 1, shaggy fur 1, tough skin 1
a: no special abilities


You were on level 4 of the Dungeon.
You visited 1 branch of the dungeon, and saw 4 of its levels.

You collected 203 gold pieces.

Inventory:

Hand Weapons
 p - a +1 vampiric short sword (weapon)
Missiles
 c - 5 large rocks
 d - 2 throwing nets
 h - 81 stones (quivered)
 s - 5 atropa-tipped darts
Armour
 b - a +0 robe (worn)
Scrolls
 e - a scroll of enchant weapon {unknown}
 g - a scroll of fog {unknown}
 j - 2 scrolls of identify {unknown}
 k - a scroll of amnesia {unknown}
 o - 2 scrolls of enchant armour {unknown}
 r - a scroll of torment {unknown}
Potions
 a - 2 potions of haste
 f - a potion of heal wounds {unknown}
 i - a potion of brilliance {unknown}
 l - a potion of curing {unknown}
 m - 2 potions of flight {unknown}
 n - 2 potions of attraction {unknown}
 q - 2 potions of degeneration {unknown}


   Skills:
 + Level 2.9 Fighting
 + Level 4.5 Throwing
 + Level 2.8 Dodging
 - Level 0.3 Stealth


You had 4 spell levels left.
You didn't know any spells.
Your spell library contained the following spells:

 Spells                   Type           Power      Damage    Failure   Level
 Magic Dart               Conj           0%         1d3       43%         1
 Summon Small Mammal      Summ           0%         N/A       43%         1
 Call Imp                 Summ           0%         N/A       56%         2
 Call Canine Familiar     Summ           0%         N/A       80%         3
 Mephitic Cloud           Conj/Pois/Air  0%         N/A       80%         3
 Summon Guardian Golem    Hex/Summ       0%         N/A       80%         3


Dungeon Overview and Level Annotations

Branches:
Dungeon (4/15)
 Temple: D:4-7

Altars:
Elyvilon


Innate Abilities, Weirdness & Mutations

You are too large for most types of armour.
You have claws for hands.
Your natural rate of healing is unusually fast.
You are covered in fur. (AC +1)
You have tough skin. (AC +1)


Message History

The orc is moderately wounded.
The orc priest completely misses you. The orc hits you with a +0 club.
You hit the orc.
You feel better.
The orc is heavily wounded.
The orc priest calls upon Beogh to heal the orc.
The orc's wounds heal themselves!
The orc completely misses you.
You puncture the orc priest!
The orc priest is heavily wounded.
The orc priest hits you with a +1 dagger of electrocution.
The orc closely misses you.
You hit the orc priest but do no damage.
The orc priest is heavily wounded.
The orc priest hits you with a +1 dagger of electrocution.
You are electrocuted!!
The orc hits you with a +0 club.
You are too injured to fight recklessly!
You are too injured to fight recklessly!
You are too injured to fight recklessly!
You are too injured to fight recklessly!
You hit the orc priest.
The orc priest is severely wounded.
The orc priest misses you. The orc hits you with a +0 club.
You closely miss the orc priest.
The orc priest is severely wounded.
The orc priest invokes the aid of Beogh against you.
Beogh smites you!
* * * LOW HITPOINT WARNING * * *
The orc closely misses you.
You hit the orc priest.
The orc priest is almost dead.
The orc priest hits you with a +1 dagger of electrocution.
* * * LOW HITPOINT WARNING * * *
You are electrocuted!
* * * LOW HITPOINT WARNING * * *
The orc hits you with a +0 club.
* * * LOW HITPOINT WARNING * * *
You closely miss the orc priest.
The orc priest is almost dead.
The orc priest mumbles some strange prayers to Beogh against you.
Beogh smites you!
You die...

#. . ##... .# #≈≈. ♣P
#≈≈. P. #.P. ♣.♣♣
#..♣♣P.P♣♣ #+#
♣)♣Po..P♣.♣ .#.#
######♣P.@o_...P♣ .#.#
#.....♣.♣P...P♣.♣
.#.#####.....P.♣♣P.P♣♣
.#............PP♣♣.♣♣
.............≈≈P..P.
#............≈≈.P♣♣♣.
#..#####.....##### ##
##>....#.....#
#####.#######
###########


You could see an orc priest and an orc.

Vanquished Creatures
  A howler monkey (D:3)
  An orc priest (D:4)
  Ijyb (D:3)
  A gnoll (D:1)
  2 adders
  An adder skeleton (D:4)
  4 orcs
  3 ball pythons
  5 endoplasms
  4 giant cockroaches
  3 goblins
  3 hobgoblins
  4 kobolds
  4 quokkas
  A bat (D:3)
  3 frilled lizards
  2 rats
43 creatures vanquished.

Vanquished Creatures (others)
  A butterfly (D:4)
1 creature vanquished.

Grand Total: 44 creatures vanquished

Notes
Turn   | Place    | Note
-------+----------+-------------------------------------------
     0 | D:1      | siradein the Troll Hunter began the quest for the Orb.
     0 | D:1      | Reached XP level 1. HP: 19/19 MP: 0/0
    45 | D:1      | Reached XP level 2. HP: 23/28 MP: 1/1
   518 | D:1      | Reached XP level 3. HP: 35/35 MP: 2/2
   832 | D:2      | Reached skill level 4 in Throwing
  1204 | D:2      | Found a faded altar of an unknown god.
  1510 | D:3      | Reached XP level 4. HP: 44/44 MP: 3/3
  1669 | D:3      | Noticed Ijyb
  1678 | D:3      | Paralysed by Ijyb for 4 turns
  1686 | D:3      | Paralysed by Ijyb for 4 turns
  1697 | D:3      | Paralysed by Ijyb for 4 turns
  1705 | D:3      | Paralysed by Ijyb for 4 turns
  1720 | D:3      | Killed Ijyb
  2210 | D:4      | Reached XP level 5. HP: 48/52 MP: 4/4
  2349 | D:4      | Found a white marble altar of Elyvilon.
  2367 | D:4      | HP: 1/52 [orc (2)]
  2368 | D:4      | Killed from afar by an orc priest

Illustrated notes

Levels and vault maps discovered:
D:1:      saegor_arrival_simple_a, layout_loops_ring
D:2:      layout_loops_cross, hellmonk_ecumenical_altar_crossroads
D:3:      layout_loops_ring, uniq_ijyb
D:4:      layout_basic, grunt_temple_overflow_magic_moments,
          nicolae_elyvilon_peaceful_grove, kennysheep_minor_cross, uniq_edmund

Skill      XL: |  1  2  3 |
---------------+----------+-----
Fighting       | 2 |  2.9
Dodging        | 2 |  2.8
Throwing       | 4 |  4.5
Stealth        | |  0.3

Action                   |  1- 3 |  4- 6 || total
-------------------------+-------+-------++-------
Melee: Unarmed           |    73 |     1 ||    74
       Short sword       |       |   113 ||   113
 Stab: Sleeping          |       |     1 ||     1
Armor: Robe              |    18 |    33 ||    51
Dodge: Dodged            |    27 |    52 ||    79

Table legend: (Time is in decaauts)
 A = Elapsed time spent in this place.
 B = Non-inter-level travel time spent in this place.
 C = Inter-level travel time spent in this place.
 D = Time resting spent in this place.
 E = Time spent auto-exploring this place.
 F = Levels seen in this place.
 G = Mean time per level.
                   A        B        C        D        E       F      G
               +--------+--------+--------+--------+--------+-----+--------+
         Total |   2378 |   2267 |    111 |      0 |   1843 |   4 |  594.5 |
       Dungeon |   2378 |   2267 |    111 |      0 |   1843 |   4 |  594.5 |
               +--------+--------+--------+--------+--------+-----+--------+

Top non-repeatable levels by time:
     D:1: 806 daAuts
     D:2: 697 daAuts
     D:3: 675 daAuts
     D:4: 198 daAuts
